[Event "Titled Tuesday Blitz July 4 Late 2023"]
[White "Lach, Aleksandra"]
[Black "Zhang, Derek"]
[WhiteFideId "1134299"]
[BlackFideId "2087871"]
[WhiteElo "2308"]
[BlackElo "2498"]
[Result "0-1"]
[Round "2"]
[TimeControl "180+2"]
[Date "2023.07.04"]
[WhiteClock "0:00:16"]
[BlackClock "0:00:13"]
[Board "146"]

1. Nf3 d6 2. g3 e5 3. Bg2 f5 4. d3 Nf6 5. c4 Be7 6. O-O O-O 7. Nc3 c6 8. Nd2 Be6 9. f4 Nbd7 10. e4 exf4 11. Rxf4 Ng4 12. Nf1 Bg5 13. exf5 Bxf4 14. fxe6 Bxc1 15. Rxc1 Ndf6 16. d4 d5 17. h3 Nh6 18. cxd5 cxd5 19. Ne3 Qd6 20. Nexd5 Qxe6 21. Qd3 Qd7 22. Qc4 Kh8 23. Nxf6 Rxf6 24. d5 Nf5 25. Qd3 Nd6 26. Re1 Re8 27. Rxe8+ Qxe8 28. Kh2 Qe5 29. Ne4 Nxe4 30. Qxe4 Qxe4 31. Bxe4 h6 32. Kg2 Kg8 33. g4 Kf8 34. Bf5 Ke7 35. Kf3 Kd6 36. Ke4 Rf8 37. h4 Re8+ 38. Kd4 Re5 39. Be4 b6 40. b3 Re7 41. g5 Rf7 42. gxh6 gxh6 43. h5 Rf4 44. Ke3 Rh4 45. Bf3 Rh3 46. Kf4 Rh2 47. a4 Rb2 48. Kf5 Rxb3 49. Be4 Rg3 50. Kf6 Rg5 51. Bf3 a6 52. Kf7 b5 53. Kf6 bxa4 0-1


[Site "https://www.chess.com"]

[Event "Titled Tuesday Blitz July 4 Late 2023"]
[White "Mattheii"]
[Black "Kukavica, Tony"]
[BlackFideId "2062542"]
[WhiteElo "2498"]
[BlackElo "2308"]
[Result "1-0"]
[Round "2"]
[TimeControl "180+2"]
[Date "2023.07.04"]
[WhiteClock "0:00:24"]
[BlackClock "0:00:04"]
[Board "147"]

1. d4 d5 2. c4 e6 3. Nc3 a6 4. cxd5 exd5 5. Nf3 Nf6 6. Qc2 c6 7. Bg5 Bd6 8. e3 Nbd7 9. Bd3 O-O 10. O-O h6 11. Bh4 Qc7 12. Rab1 Re8 13. b4 b5 14. a4 g5 15. Bg3 Bxg3 16. hxg3 Qd6 17. a5 Re7 18. Rfc1 Bb7 19. Ne2 Ne8 20. Bf5 Qf6 21. Bxd7 Rxd7 22. Ne5 Rc7 23. Ng4 Qe6 24. Qf5 Kg7 25. Qxe6 fxe6 26. Ne5 Nd6 27. f3 Nc4 28. Kf2 Rac8 29. g4 Nxe5 30. dxe5 c5 31. bxc5 Rxc5 32. Rxc5 Rxc5 33. Nd4 Bc8 34. Ke2 Bd7 35. Kd2 Rc4 36. Rc1 Kf7 37. Rh1 Ra4 38. Rxh6 Rxa5 39. Rh7+ Ke8 40. f4 Ra2+ 41. Kc3 Rxg2 42. f5 exf5 43. gxf5 Rg3 44. e6 Bxe6 45. Nxe6 Rxe3+ 46. Kd4 Rg3 47. Ke5 b4 48. Kd6 b3 49. Re7# 1-0


[Site "https://www.chess.com"]

[Event "Titled Tuesday Blitz July 4 Late 2023"]
[White "Reprintsev, Alexander"]
[Black "Coelho, Ramyres Santana"]
[WhiteFideId "14100541"]
[BlackFideId "2120690"]
[WhiteElo "2496"]
[BlackElo "2301"]
[Result "1/2-1/2"]
[Round "2"]
[TimeControl "180+2"]
[Date "2023.07.04"]
[WhiteClock "0:00:26"]
[BlackClock "0:00:30"]
[Board "148"]

1. e4 c5 2. b3 e6 3. Bb2 Nc6 4. Nf3 d6 5. d4 cxd4 6. Nxd4 Nxd4 7. Qxd4 e5 8. Qd2 Nf6 9. Nc3 Be7 10. O-O-O O-O 11. Be2 Be6 12. f4 exf4 13. Qxf4 Nd7 14. Kb1 Ne5 15. Nd5 Bxd5 16. Rxd5 Qc7 17. Bxe5 dxe5 18. Qxe5 Qxe5 19. Rxe5 Bf6 20. Rd5 Rfe8 21. Bf3 Rad8 22. Rhd1 Rxd5 23. exd5 Kf8 24. d6 b6 25. d7 Rd8 26. Bc6 Ke7 27. b4 Be5 28. g3 f6 29. b5 Bc7 30. c4 f5 31. a4 g5 32. Rd5 Kf6 33. Kc2 h5 34. a5 bxa5 35. c5 f4 36. gxf4 Bxf4 37. h4 gxh4 38. Rxh5 Bg3 39. Kb3 Kg6 40. Rd5 h3 41. Rd3 Bf2 42. Rxh3 Bxc5 43. Kc4 Bb6 44. Kd5 Kf6 45. Kd6 Rg8 46. Rf3+ Kg7 47. Rg3+ Kf8 48. Rf3+ Kg7 49. Ke7 Bd8+ 50. Ke6 Rh8 51. Rf7+ Kg6 52. Be4+ Kg5 53. Rf5+ Kg4 54. Rc5 Rh6+ 55. Kd5 Rh5+ 56. Kc4 Rxc5+ 57. Kxc5 Kf4 58. Bc2 Ke5 59. Kc6 Ke6 60. Ba4 Ke7 61. Kb7 Bb6 62. Kc8 Bd8 63. Bb3 Bb6 64. Ba4 Bd8 65. Bb3 Bb6 66. Ba4 1/2-1/2


[Site "https://www.chess.com"]

[Event "Titled Tuesday Blitz July 4 Late 2023"]
[White "Kanyamarala, Tarun"]
[Black "Freile Martin, Javier"]
[WhiteFideId "45004714"]
[BlackFideId "3600165"]
[WhiteElo "2495"]
[BlackElo "2301"]
[Result "1-0"]
[Round "2"]
[TimeControl "180+2"]
[Date "2023.07.04"]
[WhiteClock "0:01:32"]
[BlackClock "0:00:30"]
[Board "149"]

1. d4 Nf6 2. c4 g6 3. Nc3 Bg7 4. e4 d6 5. Bd3 O-O 6. Nge2 e5 7. d5 a5 8. O-O Na6 9. a3 Bd7 10. Bc2 Nc5 11. Rb1 a4 12. f4 exf4 13. Bxf4 Nh5 14. Be3 b6 15. Bd4 f5 16. Bxg7 Nxg7 17. Nd4 fxe4 18. Nxe4 Qh4 19. g3 Qh3 20. Nf6+ Kh8 21. Nxd7 Nxd7 22. Nb5 Ne5 23. Nxc7 Ng4 24. Qd2 Rac8 25. Nb5 Nh5 26. Nxd6 Nxg3 27. Qc3+ Kg8 28. Qxg3 Rxf1+ 29. Rxf1 1-0


[Site "https://www.chess.com"]

[Event "Titled Tuesday Blitz July 4 Late 2023"]
[White "CarolinaLujan"]
[Black "Martinez Reyes, Pedro Ramon"]
[BlackFideId "3901807"]
[WhiteElo "2300"]
[BlackElo "2495"]
[Result "0-1"]
[Round "2"]
[TimeControl "180+2"]
[Date "2023.07.04"]
[WhiteClock "0:01:14"]
[BlackClock "0:01:01"]
[Board "150"]

1. e4 d5 2. exd5 Qxd5 3. Nc3 Qd8 4. Bc4 Nf6 5. Nf3 g6 6. Ng5 e6 7. Qe2 Bg7 8. O-O Nc6 9. Nf3 O-O 10. d3 Na5 11. Bg5 h6 12. Bh4 Nxc4 13. dxc4 g5 14. Bg3 Nh5 15. Rad1 Qe7 16. Nd5 Qc5 17. b4 Nxg3 18. hxg3 Qd6 19. Nf6+ Bxf6 20. Rxd6 cxd6 21. c5 dxc5 22. bxc5 Bd7 23. Ne5 Rfd8 24. f4 Bxe5 25. Qxe5 Bc6 26. fxg5 Rd2 27. Rf2 Rxf2 28. Kxf2 hxg5 29. Qxg5+ Kf8 30. Qf6 Re8 31. g4 e5 32. g5 Re6 33. Qh8+ Ke7 34. Qb8 a6 35. Qc7+ Ke8 36. g3 e4 37. Ke3 Kf8 38. c4 Kg7 39. Kf4 e3 40. g6 Kxg6 41. Qc8 Re4+ 0-1


[Site "https://www.chess.com"]

[Event "Titled Tuesday Blitz July 4 Late 2023"]
[White "Alexikov, Alexander"]
[Black "only_strong_moves"]
[WhiteFideId "14103958"]
[WhiteElo "2297"]
[BlackElo "2492"]
[Result "0-1"]
[Round "2"]
[TimeControl "180+2"]
[Date "2023.07.04"]
[WhiteClock "0:00:00"]
[BlackClock "0:01:28"]
[Board "151"]

1. e4 c5 2. Nf3 Nc6 3. d4 cxd4 4. Nxd4 Nf6 5. Nc3 e5 6. Ndb5 d6 7. Bg5 a6 8. Na3 b5 9. Nd5 Be7 10. Bxf6 Bxf6 11. c4 b4 12. Nc2 a5 13. Be2 O-O 14. O-O g6 15. b3 Bg7 16. Bf3 Kh8 17. g3 Rb8 18. Qe2 f5 19. Rad1 f4 20. Rd3 Qg5 21. Rfd1 h5 22. Kg2 Rb7 23. Kh1 Rbf7 24. Rg1 fxg3 25. fxg3 Kh7 26. h4 Qd8 27. Rg2 Be6 28. Kh2 Qd7 29. Rf2 Bg4 30. Ne1 Nd8 31. Ne3 Bh6 32. Nd1 Ne6 33. Bxg4 Rxf2+ 34. Nxf2 hxg4 35. Nxg4 Nd4 0-1


[Site "https://www.chess.com"]

[Event "Titled Tuesday Blitz July 4 Late 2023"]
[White "Dixit, Nikhil"]
[Black "Vaglio Munoz, Jaime"]
[WhiteFideId "5059534"]
[BlackFideId "6500145"]
[WhiteElo "2489"]
[BlackElo "2291"]
[Result "1-0"]
[Round "2"]
[TimeControl "180+2"]
[Date "2023.07.04"]
[WhiteClock "0:00:16"]
[BlackClock "0:00:47"]
[Board "152"]

1. e4 c5 2. Nf3 Qa5 3. Nc3 a6 4. Bc4 e6 5. a4 b5 6. Be2 Bb7 7. d3 Nf6 8. O-O b4 9. Nb1 d5 10. exd5 Bxd5 11. Nbd2 Be7 12. Ne5 Nbd7 13. Ndc4 Qc7 14. Nxd7 Nxd7 15. Bf3 Nf6 16. b3 O-O 17. Bb2 Rad8 18. Qe2 Bxc4 19. bxc4 Qf4 20. Be5 Qf5 21. Bxf6 Bxf6 22. Rab1 a5 23. Qe4 Qxe4 24. Bxe4 Bc3 25. g3 f5 26. Bf3 Kf7 27. Kg2 Kf6 28. h3 g5 29. Rh1 h5 30. Bxh5 e5 31. Bf3 e4 32. dxe4 Rd2 33. exf5 Kxf5 34. Rhe1 Bd4 35. Re2 Rxe2 36. Bxe2 Re8 37. Bd3+ Kf6 38. Kf1 Rh8 39. Kg2 Re8 40. Kf3 Bc3 41. Rh1 Be1 42. h4 g4+ 43. Kxg4 Bxf2 44. Kf3 Bd4 45. g4 Rf8 46. g5+ Ke5+ 47. Kg4 Rf4+ 48. Kh5 Bf2 49. g6 Rf8 50. Kg5 Be3+ 51. Kg4 Rf4+ 52. Kg3 Bf2+ 53. Kg2 Bxh4 54. g7 Rg4+ 55. Kf3 Rg3+ 56. Kf2 Rg4+ 57. Kf3 Rg3+ 58. Ke2 Bf6 59. Rh5+ Kd6 60. Rd5+ Ke7 61. Rxc5 Bxg7 62. Rxa5 Bc3 63. Rb5 Rg2+ 64. Kf3 Rg1 65. Ke4 Ra1 66. Kd5 Rg1 67. Kc6 Rg8 68. a5 Rc8+ 69. Kb7 Rd8 70. a6 Bd4 71. Rd5 b3 72. cxb3 Rxd5 73. cxd5 Kd6 74. a7 Bxa7 75. Kxa7 Kxd5 76. Bc4+ Kc5 77. Ka6 Kb4 78. Kb6 Kc3 79. Kc5 Kb2 80. b4 Ka3 81. b5 Ka4 82. b6 Ka5 83. b7 Ka4 84. b8=Q Ka3 85. Qb3# 1-0


[Site "https://www.chess.com"]

[Event "Titled Tuesday Blitz July 4 Late 2023"]
[White "Zampronha, Wladimir Camilo"]
[Black "Silva, Caio Henrique Angelico"]
[WhiteFideId "2103087"]
[BlackFideId "22777210"]
[WhiteElo "2286"]
[BlackElo "2486"]
[Result "0-1"]
[Round "2"]
[TimeControl "180+2"]
[Date "2023.07.04"]
[WhiteClock "0:00:23"]
[BlackClock "0:02:01"]
[Board "153"]

1. e4 c6 2. d4 d5 3. e5 Bf5 4. Nf3 e6 5. Be2 Nd7 6. O-O Ne7 7. Nh4 Bg6 8. Nd2 Nf5 9. Nxg6 hxg6 10. Nf3 c5 11. c3 Nb8 12. Bd3 Nc6 13. Bxf5 gxf5 14. Qb3 Qb6 15. Be3 cxd4 16. Qxb6 axb6 17. cxd4 f6 18. Rfc1 Kd7 19. exf6 gxf6 20. g3 Bd6 21. a3 Na5 22. Nd2 e5 23. dxe5 fxe5 24. Bxb6 Nc6 25. Bc5 d4 26. Bxd6 Kxd6 27. Nc4+ Ke6 28. Kg2 e4 29. b4 d3 30. b5 Nd4 31. Rab1 Nf3 32. Ne3 Rxh2+ 33. Kf1 Rah8 0-1


[Site "https://www.chess.com"]

[Event "Titled Tuesday Blitz July 4 Late 2023"]
[White "Keleberda, Tymur"]
[Black "Schut, Han"]
[WhiteFideId "14174294"]
[BlackFideId "1005561"]
[WhiteElo "2486"]
[BlackElo "2285"]
[Result "1-0"]
[Round "2"]
[TimeControl "180+2"]
[Date "2023.07.04"]
[WhiteClock "0:00:18"]
[BlackClock "0:00:00"]
[Board "154"]

1. e4 c5 2. c3 g6 3. d4 cxd4 4. cxd4 d5 5. e5 Nc6 6. Nc3 Nh6 7. Bb5 Bg7 8. a4 O-O 9. h4 Nb4 10. Bg5 f6 11. exf6 exf6 12. Bf4 Bf5 13. Rc1 Qe7+ 14. Kf1 a6 15. Be2 Rac8 16. Nf3 Nf7 17. g3 Rfe8 18. Kg2 g5 19. hxg5 fxg5 20. Be3 h6 21. Qb3 a5 22. Rhe1 g4 23. Nh4 Be4+ 24. Nxe4 Qxe4+ 25. Kg1 Ng5 26. Bb5 Nf3+ 27. Nxf3 gxf3 28. Bxe8 Rxe8 29. Bd2 Qg6 30. Rxe8+ Qxe8 31. Qxf3 Nc6 32. Re1 Qg6 33. Qxd5+ Kh7 34. Qe4 Nxd4 35. Qxg6+ Kxg6 36. Kg2 Nc6 37. Bc3 Bxc3 38. bxc3 Kf5 39. Rb1 1-0


[Site "https://www.chess.com"]

[Event "Titled Tuesday Blitz July 4 Late 2023"]
[White "Sokolov, Andrei"]
[Black "Kovalevsky, Stanislav"]
[WhiteFideId "11600306"]
[BlackFideId "13508598"]
[WhiteElo "2277"]
[BlackElo "2485"]
[Result "0-1"]
[Round "2"]
[TimeControl "180+2"]
[Date "2023.07.04"]
[WhiteClock "0:00:00"]
[BlackClock "0:00:27"]
[Board "155"]

1. d4 d5 2. c4 c6 3. Nc3 Nf6 4. cxd5 cxd5 5. Bf4 Nc6 6. e3 a6 7. Bd3 Bg4 8. Nge2 e6 9. O-O Be7 10. a3 b5 11. b4 Nd7 12. f3 Bh5 13. e4 Nb6 14. e5 O-O 15. Be3 Rc8 16. Qb1 Bg6 17. f4 Nc4 18. Bc1 Qb6 19. Bxg6 hxg6 20. Qd3 Rc7 21. Rf3 N6xe5 22. fxe5 Nxe5 23. Qe3 Nxf3+ 24. Qxf3 Rfc8 25. Bd2 Bf6 26. Qd3 Rc4 27. Be3 Qc7 28. Rc1 e5 29. Nxd5 Rxc1+ 30. Bxc1 Qc2 31. Qxc2 Rxc2 32. Nxf6+ gxf6 33. Kf1 exd4 34. Ke1 d3 0-1


[Site "https://www.chess.com"]

[Event "Titled Tuesday Blitz July 4 Late 2023"]
[White "Adury, Anant"]
[Black "Santos, Rafael Ventura Dos"]
[WhiteFideId "30964687"]
[BlackFideId "2122227"]
[WhiteElo "2484"]
[BlackElo "2273"]
[Result "1-0"]
[Round "2"]
[TimeControl "180+2"]
[Date "2023.07.04"]
[WhiteClock "0:00:25"]
[BlackClock "0:00:27"]
[Board "156"]

1. Nf3 d5 2. b3 Nf6 3. Bb2 Nc6 4. e3 Bg4 5. Bb5 e6 6. O-O Bd6 7. Be2 O-O 8. Nd4 Bxe2 9. Qxe2 Nxd4 10. Bxd4 e5 11. Bb2 Re8 12. d3 c6 13. Nd2 Bc7 14. Kh1 h5 15. e4 Qd7 16. h3 b5 17. a4 b4 18. Rae1 Re7 19. Bc1 dxe4 20. dxe4 Qd4 21. Nf3 Qc3 22. Rd1 Bb6 23. Rd3 Qc5 24. Bg5 Re6 25. Nh4 g6 26. Be3 Qa5 27. Bg5 Qc5 28. Rf3 Kg7 29. Rd1 Rd8 30. Rxd8 Bxd8 31. Kg1 Rd6 32. Rd3 Rxd3 33. Qxd3 Be7 34. Be3 Qa5 35. Nf3 Qc7 36. g3 a5 37. Kg2 Nd7 38. Nd2 Bc5 39. Nc4 Bxe3 40. Qxe3 c5 41. Qd3 Nb8 42. Qd5 f6 43. Nd6 Qc6 44. Qf7+ Kh6 45. Qxf6 Kh7 46. Qxe5 Qd7 47. Ne8 Nc6 48. Nf6+ Kh6 49. Nxd7 Nxe5 50. Nxe5 Kg5 51. Nc4 Kf6 52. Nxa5 Ke5 53. Nc4+ Kd4 54. a5 Kc3 55. a6 Kxc2 56. a7 Kxb3 57. a8=Q Kxc4 58. Qd5+ Kb5 59. e5 Ka4 60. e6 b3 61. e7 b2 62. Qa2+ Kb4 63. Qxb2+ Kc4 64. e8=Q Kd3 65. Qee2# 1-0


[Site "https://www.chess.com"]

[Event "Titled Tuesday Blitz July 4 Late 2023"]
[White "Barwinska, Ewa"]
[Black "Yeritsyan, Hayk"]
[WhiteFideId "21833761"]
[BlackFideId "13307320"]
[WhiteElo "2268"]
[BlackElo "2481"]
[Result "0-1"]
[Round "2"]
[TimeControl "180+2"]
[Date "2023.07.04"]
[WhiteClock "0:00:02"]
[BlackClock "0:00:07"]
[Board "157"]

1. e4 c6 2. d4 d5 3. Nc3 dxe4 4. Nxe4 Nd7 5. Ng5 h6 6. Ne6 Qb6 7. Nxf8 Nxf8 8. Bc4 Be6 9. Bxe6 Nxe6 10. Ne2 Nf6 11. O-O O-O 12. b3 Rad8 13. Bb2 Qc7 14. c4 Nf4 15. Ng3 e6 16. Qf3 Ng6 17. Rad1 Rfe8 18. Rfe1 Nh7 19. Ne4 Ng5 20. Nxg5 hxg5 21. Qg4 Qf4 22. Re4 Qxg4 23. Rxg4 f6 24. Re4 Kf7 25. g3 Rd7 26. Rde1 Nf8 27. Kg2 Red8 28. Kf3 a6 29. a4 b5 30. axb5 axb5 31. Ra1 bxc4 32. bxc4 Rb8 33. Bc3 Rb3 34. Re3 Rc7 35. Bd2 Rcb7 36. Rxb3 Rxb3+ 37. Ke2 Nd7 38. Ra7 Ke7 39. Rc7 Rb6 40. Ba5 Ra6 41. Bb4+ Kd8 42. Bd6 Ra4 43. Rxc6 e5 44. dxe5 fxe5 45. f4 exf4 46. gxf4 gxf4 47. Bxf4 Ke7 48. Kd3 Ra3+ 49. Kd4 Rh3 50. Bg5+ Ke8 51. Bf4 Rh4 52. Re6+ Kf7 53. Re4 Nf6 54. Ke3 Nxe4 55. Kxe4 g5 56. Kf3 Rxf4+ 57. Kg3 Rxc4 58. h3 Kg6 0-1


[Site "https://www.chess.com"]

[Event "Titled Tuesday Blitz July 4 Late 2023"]
[White "Gomez Barrera, Javiera Belen"]
[Black "Guimaraes, Wagner Peixoto"]
[WhiteFideId "3418723"]
[BlackFideId "2100940"]
[WhiteElo "2474"]
[BlackElo "2266"]
[Result "1-0"]
[Round "2"]
[TimeControl "180+2"]
[Date "2023.07.04"]
[WhiteClock "0:02:07"]
[BlackClock "0:00:18"]
[Board "158"]

1. e4 c5 2. Nf3 e6 3. d4 cxd4 4. Nxd4 Nf6 5. Nc3 Nc6 6. Be3 Bb4 7. Nxc6 bxc6 8. Qd4 c5 9. Qd6 Nxe4 10. Qe5 Qf6 11. Qxe4 Bxc3+ 12. bxc3 Qxc3+ 13. Ke2 d5 14. Qf4 Qxa1 15. Bxc5 Qc3 16. Qd6 Ba6+ 17. Kd1 Qxc5 18. Qxc5 Bxf1 19. Rxf1 Rd8 20. Re1 1-0


[Site "https://www.chess.com"]

[Event "Titled Tuesday Blitz July 4 Late 2023"]
[White "Broca Jimenez, Fernando"]
[Black "Han, Yichen"]
[WhiteFideId "5104742"]
[BlackFideId "1054430"]
[WhiteElo "2261"]
[BlackElo "2474"]
[Result "1/2-1/2"]
[Round "2"]
[TimeControl "180+2"]
[Date "2023.07.04"]
[WhiteClock "0:00:44"]
[BlackClock "0:01:58"]
[Board "159"]

1. Nf3 Nf6 2. b3 b6 3. Bb2 Bb7 4. g3 e6 5. Bg2 Be7 6. O-O O-O 7. d3 c5 8. Nbd2 d5 9. e4 dxe4 10. dxe4 Nxe4 11. Nxe4 Bxe4 12. Qe2 Bb7 13. Rfd1 Qc8 14. Rd2 Nd7 15. Rad1 Nf6 16. Ne5 Bxg2 17. Kxg2 Qb7+ 18. Qf3 Qxf3+ 19. Kxf3 Nd5 20. c4 Nf6 21. Nd7 Nxd7 22. Rxd7 Bf6 23. Bxf6 gxf6 24. Rb7 Rfb8 25. Rc7 Rc8 26. Rb7 Rcb8 27. Rc7 Rc8 28. Rb7 Rcb8 1/2-1/2


[Site "https://www.chess.com"]

[Event "Titled Tuesday Blitz July 4 Late 2023"]
[White "Modric, Nesa"]
[Black "Avila Rodriguez, Joshua Ad"]
[WhiteFideId "922579"]
[BlackFideId "5126444"]
[WhiteElo "2260"]
[BlackElo "2473"]
[Result "0-1"]
[Round "2"]
[TimeControl "180+2"]
[Date "2023.07.04"]
[WhiteClock "0:00:00"]
[BlackClock "0:00:02"]
[Board "160"]

1. e4 c5 2. c3 Nf6 3. e5 Nd5 4. Nf3 d6 5. d4 cxd4 6. exd6 e6 7. Nxd4 Bxd6 8. g3 O-O 9. Bg2 a6 10. O-O Nc6 11. Nxc6 bxc6 12. c4 Ne7 13. Nc3 Rb8 14. b3 Be5 15. Bb2 Qa5 16. Qc2 c5 17. Rfd1 Bb7 18. Bxb7 Rxb7 19. Ne4 Bxb2 20. Qxb2 Nf5 21. Nd6 Nxd6 22. Rxd6 Qb4 23. Qc2 a5 24. Rad1 a4 25. Rd8 axb3 26. axb3 Qxb3 27. Rxf8+ Kxf8 28. Qd2 Qb6 29. Qd3 g6 30. Qc3 Kg8 31. Qf6 Rb8 32. Rd7 Rf8 33. h4 h5 34. g4 Qb1+ 35. Kg2 hxg4 36. h5 Qf5 37. Qxf5 gxf5 38. Kg3 Kg7 39. Rc7 Kf6 40. Rxc5 Kg5 41. Rc7 Kxh5 42. Kf4 Kg6 43. c5 Kf6 44. c6 Ra8 45. Rb7 Ra4+ 46. Ke3 Rc4 47. c7 Ke5 48. Kd3 Rc6 0-1


[Site "https://www.chess.com"]

[Event "Titled Tuesday Blitz July 4 Late 2023"]
[White "Kohler, Aran"]
[Black "Erzhanov, Arman"]
[WhiteFideId "1002856"]
[BlackFideId "4138821"]
[WhiteElo "2259"]
[BlackElo "2470"]
[Result "0-1"]
[Round "2"]
[TimeControl "180+2"]
[Date "2023.07.04"]
[WhiteClock "0:00:17"]
[BlackClock "0:00:37"]
[Board "161"]

1. e4 c5 2. Nc3 Nc6 3. f4 g6 4. Nf3 Bg7 5. Bc4 d6 6. d3 e6 7. O-O Nge7 8. a3 O-O 9. Ba2 Nd4 10. Nxd4 cxd4 11. Ne2 Bd7 12. Qe1 Rc8 13. Bb3 a5 14. a4 Nc6 15. Ng3 Nb4 16. Rf2 Qb6 17. Qd1 Rc5 18. f5 exf5 19. exf5 Bxf5 20. Nxf5 Rxf5 21. Rxf5 gxf5 22. Bf4 Re8 23. Qh5 d5 24. Qxf5 Qe6 25. Qxe6 fxe6 26. Bd6 Bh6 27. g3 Be3+ 28. Kg2 Nc6 29. Rf1 Rd8 30. Bc5 Rc8 31. Rf6 Nd8 32. Be7 Nc6 33. Ba3 Re8 34. h4 Kg7 35. Rf1 h5 36. Bd6 Kg6 37. Rf3 Rd8 38. Bc7 Rd7 39. Bb6 Rf7 40. Rxf7 Kxf7 41. Kf3 Kf6 42. g4 Ne5+ 43. Ke2 hxg4 44. c3 Nc6 45. Bc2 Kg6 46. cxd4 Bxd4 47. Bc7 Kh5 48. Bg3 Bxb2 49. Kd2 Bf6 50. Bd1 Bxh4 51. Bd6 Bg5+ 52. Ke1 Kh4 53. Kf2 Bf6 54. Bg3+ Kg5 55. Bd6 Be5 56. Bc5 Bd4+ 57. Bxd4 Nxd4 58. Kg3 Nf5+ 59. Kg2 Kf4 0-1


[Site "https://www.chess.com"]

[Event "Titled Tuesday Blitz July 4 Late 2023"]
[White "Mendez Machado, Andre"]
[Black "Fiedorek, Michal"]
[WhiteFideId "6603793"]
[BlackFideId "1199528"]
[WhiteElo "2239"]
[BlackElo "2466"]
[Result "0-1"]
[Round "2"]
[TimeControl "180+2"]
[Date "2023.07.04"]
[WhiteClock "0:00:00"]
[BlackClock "0:01:08"]
[Board "163"]

1. e4 c6 2. d4 g6 3. f3 d5 4. c3 dxe4 5. fxe4 Nf6 6. Nd2 Bg7 7. Ngf3 O-O 8. Be2 Nbd7 9. O-O Re8 10. Bc4 b5 11. Bxf7+ Kxf7 12. Ng5+ Kg8 13. Qb3+ e6 14. Nxe6 Rxe6 15. Qxe6+ Kh8 16. e5 Nb6 17. Qxc6 Ng4 18. Ne4 Bd7 19. Qd6 Bf8 20. Bg5 Qe8 21. Rxf8+ Qxf8 22. Bf6+ Nxf6 23. Qxf6+ Qxf6 24. Nxf6 Be6 25. Rd1 Nd5 26. Ne4 Ne3 27. Re1 Nf5 28. Nc5 Bd5 29. b3 Kg7 30. h3 h5 31. Kh2 h4 32. Re2 a5 33. Re1 a4 34. b4 Bxa2 0-1


[Site "https://www.chess.com"]

[Event "Titled Tuesday Blitz July 4 Late 2023"]
[White "Nunez V, Gustavo Eduardo"]
[Black "Tsyhanchuk, Stanislav"]
[WhiteFideId "4403690"]
[BlackFideId "13505130"]
[WhiteElo "2463"]
[BlackElo "2235"]
[Result "0-1"]
[Round "2"]
[TimeControl "180+2"]
[Date "2023.07.04"]
[WhiteClock "0:00:11"]
[BlackClock "0:00:17"]
[Board "164"]

1. e4 c5 2. Nc3 Nc6 3. g3 g6 4. Bg2 Bg7 5. d3 Rb8 6. Be3 d6 7. f4 Nf6 8. h3 O-O 9. Nge2 Nd7 10. a4 a6 11. O-O Nd4 12. g4 b5 13. axb5 axb5 14. Qd2 b4 15. Nd1 h5 16. Ng3 hxg4 17. hxg4 Nf6 18. Bxd4 cxd4 19. g5 Ng4 20. Bh3 Ne3 21. Nxe3 dxe3 22. Qh2 Bxb2 23. Rab1 Bd4 24. Ne2 Bg7 25. Rf3 e5 26. Bxc8 Rxc8 27. f5 Qxg5+ 28. Rg3 Qf6 29. Rf1 Rxc2 30. fxg6 Qxf1+ 31. Kxf1 fxg6+ 32. Kg1 Rf2 33. Qh3 Rcxe2 34. Qe6+ Kh8 35. Rh3+ Bh6 36. Qe8+ Kg7 37. Qe7+ Rf7 38. Qxd6 Re1+ 39. Kg2 e2 40. Qxe5+ Kh7 41. Qg5 Rg1+ 42. Kxg1 e1=Q+ 43. Kg2 Qf1+ 44. Kg3 Qxh3+ 45. Kxh3 Bxg5 46. Kg4 Bf6 47. e5 Bxe5 48. d4 Bxd4 49. Kg5 b3 50. Kg4 b2 51. Kg5 b1=Q 52. Kg4 Qg1+ 53. Kh3 Rf3+ 54. Kh4 Bf6# 0-1


[Site "https://www.chess.com"]

[Event "Titled Tuesday Blitz July 4 Late 2023"]
[White "Kovacevic, Radmila"]
[Black "QuiesPrecatio"]
[WhiteFideId "933171"]
[WhiteElo "2225"]
[BlackElo "2461"]
[Result "1-0"]
[Round "2"]
[TimeControl "180+2"]
[Date "2023.07.04"]
[WhiteClock "0:00:15"]
[BlackClock "0:00:00"]
[Board "165"]

1. e4 c5 2. Nf3 Nc6 3. Bc4 g6 4. c3 Bg7 5. d4 cxd4 6. cxd4 d6 7. d5 Ne5 8. Bb3 Bg4 9. h3 Nxf3+ 10. gxf3 Bd7 11. f4 Qb6 12. Be3 Qb4+ 13. Nc3 Bxc3+ 14. bxc3 Qxe4 15. O-O Nh6 16. Bc2 Qc4 17. Bd4 O-O 18. Bb3 Qc8 19. h4 Bh3 20. Re1 Re8 21. Re3 Bg4 22. f3 Bd7 23. Bc2 b5 24. Rb1 a6 25. h5 Bf5 26. hxg6 fxg6 27. Rb2 Bxc2 28. Rxc2 Qf5 29. Rh2 Nf7 30. Re6 h5 31. Qe1 Kf8 32. Qg3 Nh6 33. Rxg6 Qb1+ 34. Kg2 Kf7 35. Rg7+ Kf8 36. Qg6 1-0


[Site "https://www.chess.com"]

[Event "Titled Tuesday Blitz July 4 Late 2023"]
[White "Shapiro, Viktor"]
[Black "Schachpanda_Youtube"]
[WhiteFideId "4175700"]
[WhiteElo "2459"]
[BlackElo "2219"]
[Result "1-0"]
[Round "2"]
[TimeControl "180+2"]
[Date "2023.07.04"]
[WhiteClock "0:00:34"]
[BlackClock "0:00:00"]
[Board "166"]

1. c4 e6 2. Nc3 d5 3. d4 Nf6 4. Nf3 Be7 5. Bg5 h6 6. Bh4 O-O 7. e3 b6 8. Qc2 Bb7 9. Bxf6 Bxf6 10. cxd5 exd5 11. Rd1 Nd7 12. Bd3 c5 13. O-O Rc8 14. Bh7+ Kh8 15. Bf5 cxd4 16. Nxd4 g6 17. Bh3 Rc4 18. Ndb5 Ne5 19. Nxa7 Rh4 20. Nab5 Rxh3 21. gxh3 Nf3+ 22. Kg2 d4 23. e4 Qc8 24. Kxf3 Qxh3+ 25. Ke2 dxc3 26. Nxc3 Ba6+ 27. Rd3 Rd8 28. Rd1 Rxd3 29. Rxd3 Qg4+ 30. Kf1 Qf3 31. Ke1 Bxd3 32. Qd1 Qh1+ 33. Kd2 Bg5+ 34. Kxd3 Qxd1+ 35. Nxd1 Kg7 36. h3 Bf4 37. b4 1-0


[Site "https://www.chess.com"]

[Event "Titled Tuesday Blitz July 4 Late 2023"]
[White "rikchessmx"]
[Black "Uzcategui Rodriguez, Alejandro"]
[BlackFideId "3903400"]
[WhiteElo "2219"]
[BlackElo "2456"]
[Result "1-0"]
[Round "2"]
[TimeControl "180+2"]
[Date "2023.07.04"]
[WhiteClock "0:01:07"]
[BlackClock "0:00:00"]
[Board "167"]

1. e4 e6 2. d4 d5 3. Nc3 Nf6 4. Bg5 Be7 5. e5 Nfd7 6. h4 a6 7. Qg4 f5 8. Qg3 c5 9. dxc5 Nc6 10. f4 Bxg5 11. hxg5 Nxc5 12. O-O-O b5 13. Qf3 Ne4 14. Nxe4 fxe4 15. Qh5+ Kf8 16. Ne2 Qe8 17. Qh3 Bb7 18. g4 Rc8 19. Kb1 Ke7 20. Qa3+ b4 21. Qb3 a5 22. f5 Nxe5 23. Nd4 exf5 24. Nxf5+ Kf8 25. Nd6 Qc6 26. Nxc8 Qxc8 27. Qg3 Qxg4 28. Qf2+ Qf3 29. Qc5+ Ke8 30. Bb5+ Kd8 31. Rhf1 Qg4 32. Qb6+ Kc8 33. Qxa5 e3 34. Ba6 e2 35. Bxb7+ Kxb7 36. Qxd5+ Ka7 37. Qc5+ Ka8 38. Qa5+ Kb8 39. Qb6+ Ka8 40. Qa6+ Kb8 41. Qd6+ Ka8 42. Qd5+ Kb8 43. Qxe5+ Ka8 44. Qa5+ Kb8 45. Qb6+ Ka8 46. Qa6+ Kb8 47. Qd6+ Ka8 48. Rg1 1-0


[Site "https://www.chess.com"]

[Event "Titled Tuesday Blitz July 4 Late 2023"]
[White "Balla, Tamas-Kristof"]
[Black "Thiel, Thomas"]
[WhiteFideId "1208497"]
[BlackFideId "4615964"]
[WhiteElo "2452"]
[BlackElo "2214"]
[Result "1-0"]
[Round "2"]
[TimeControl "180+2"]
[Date "2023.07.04"]
[WhiteClock "0:01:11"]
[BlackClock "0:01:25"]
[Board "168"]

1. e4 d5 2. exd5 Nf6 3. d4 Nxd5 4. c4 Nb6 5. Nc3 e5 6. d5 Bb4 7. Nf3 O-O 8. Be2 c6 9. O-O Bxc3 10. bxc3 cxd5 11. Nxe5 dxc4 12. Nxc4 Nxc4 13. Bxc4 Qxd1 14. Rxd1 Nc6 15. Bf4 Re8 16. h3 Be6 17. Bxe6 Rxe6 18. Rd7 b6 19. Rad1 h6 20. Rc7 Rf6 21. Bg3 Na5 22. Rdd7 a6 23. Be5 Rf5 24. f4 Rf8 25. g4 1-0


[Site "https://www.chess.com"]